 Dungeon Crawl Stone Soup version 0.30.1-11-g7821555f0a (webtiles) character file.

Game seed: 10517998935718618838

627 ChrisAssaf the Caller (level 7, -4/48 HPs)
             Began as a Human Summoner on Oct 30, 2023.
             Was an Initiate of Ru.
             Slain by a hornet (11 damage)
             ... on level 7 of the Dungeon.
             The game lasted 00:14:55 (2928 turns).

ChrisAssaf the Caller (Human Summoner)              Turns: 2928, Time: 00:14:55

Health: -4/48      AC:  4    Str: 15    XL:     7   Next: 76%
Magic:  8/12       EV: 13    Int: 33    God:    Ru [......]
Gold:   199        SH:  0    Dex: 19    Spells: 3/13 levels left

rFire   . . .        s - +0 dagger of the Ten Underlurkers {heavy, rC+ Int+7}
rCold   + . .        (no shield)
rNeg    . . .        a - +2 robe
rPois   +            (no helmet)
rElec   .            (no cloak)
rCorr   .            (no gloves)
SInv    .            (no boots)
Will    .....        (no amulet)
Stlth   ++           g - +6 ring of strength
HPRegen 0.28/turn    c - ring "Zauxkil" {*Corrode rPois Int+9 Dex+6 Stlth-}
MPRegen 0.13/turn

%: corrode self (3%)
@: about to teleport
A: no striking features
a: Renounce Religion


You were on level 7 of the Dungeon.
You worshipped Ru.
Ru was noncommittal.
You visited 2 branches of the dungeon, and saw 8 of its levels.

You collected 199 gold pieces.

Inventory:

Hand Weapons
 f - a +0 rapier
 h - a +2 long sword of electrocution
 s - the +0 dagger of the Ten Underlurkers (weapon) {heavy, rC+ Int+7}
   (You found it on level 6 of the Dungeon)

   Int:       It affects your intelligence (+7).
   rC:        It protects you from cold.
Missiles
 n - 4 boomerangs of dispersal (quivered)
 p - a silver boomerang
Armour
 a - a +2 robe (worn)
Jewellery
 c - the ring "Zauxkil" (right hand) {*Corrode rPois Int+9 Dex+6 Stlth-}
   (You acquired it on level 4 of the Dungeon)

   [ring of dexterity]

   Int:       It affects your intelligence (+9).
   Dex:       It affects your dexterity (+6).
   rPois:     It protects you from poison.
   *Corrode:  It may corrode you when you take damage.
   Stlth:     It makes you less stealthy.
 g - a +6 ring of strength (left hand)
 j - a ring of protection from fire
 k - a ring of willpower
Wands
 l - a wand of paralysis (6)
Scrolls
 i - a scroll of teleportation
 o - 2 scrolls of blinking {unknown}
 q - a scroll of fear {unknown}
 r - a scroll of identify
 t - a scroll of enchant armour
Potions
 b - a potion of magic
 d - a potion of curing {unknown}
 e - a potion of degeneration {unknown}
 m - a potion of brilliance {unknown}


   Skills:
 * Level 1.6 Fighting
 * Level 0.4(1.6) Short Blades
 - Level 2.6 Long Blades
 * Level 1.7 Throwing
 * Level 2.0 Armour
 * Level 2.9 Dodging
 * Level 3.2 Stealth
 * Level 3.5 Spellcasting
 * Level 4.9 Summonings
 * Level 1.2 Air Magic
 * Level 1.8 Evocations


You had 3 spell levels left.
You knew the following spells:

 Your Spells              Type           Power      Damage    Failure   Level
a - Summon Small Mammal   Summ           100%       N/A       1%          1
b - Call Imp              Summ           76%        N/A       1%          2
c - Call Canine Familiar  Summ           38%        N/A       2%          3
d - Summon Lightning Spi  Summ/Air       26%        N/A       16%         4

Your spell library contained the following spells:

 Spells                   Type           Power      Damage    Failure   Level
 Summon Guardian Golem    Hex/Summ       22%        N/A       6%          3


Dungeon Overview and Level Annotations

Branches:
Dungeon (7/15)             Temple (1/1) D:7

Altars:
Ashenzari
Dithmenos
Elyvilon
Gozag
Hepliaklqana
Kikubaaqudgha
Makhleb
Nemelex Xobeh
Okawaru
Qazlal
Ru
Sif Muna
Trog
Uskayaw
Xom
Yredelemnul
Zin
The Shining One


Message History

Moving in this stuff is going to be slow.
There is a staircase back to the Dungeon here.
You climb upwards.
Welcome back to the Dungeon!
There is a staircase to the Ecumenical Temple here.
The white imp gestures at you. The puff of frost hits you. You resist.
The white imp gestures at you. The puff of frost misses you.
The white imp barely misses you.
You hit the white imp.
The white imp is heavily wounded.
The white imp hits you. The white imp freezes you. You resist.
You hit the white imp but do no damage.
The white imp is heavily wounded.
The white imp gestures at you. The puff of frost hits you. You resist.
The white imp hits you but does no damage.
You hit the white imp.
You kill the white imp!
The steam dragon hisses angrily.
The steam dragon breathes steam at you. The ball of steam hits you!
You are engulfed in a cloud of scalding steam.
The hornet buzzes angrily.
You are engulfed in a cloud of scalding steam.
Casting: Call Imp (safe; 1% risk of failure)
Confirm with . or Enter, or press ? or * to list all spells.
Okay, then.
Casting: Call Imp (safe; 1% risk of failure)
Confirm with . or Enter, or press ? or * to list all spells.
The spell is quite dangerous to miscast (16% risk of failure)!
Continue anyway?
An electric hum fills the air.
You are engulfed in a cloud of scalding steam.
* * * LOW HITPOINT WARNING * * *
As you read the scroll of teleportation, it crumbles to dust.
You feel strangely unstable.
You are engulfed in a cloud of scalding steam.
* * * LOW HITPOINT WARNING * * *
The hornet stings you!
You die...

#.#.......$......
#.#..=............
###.#......../..!...
...................
#.#.####...#.#y..#
#.#.##....#.#.#.D#
....##.#.#.#.#.#.#
..........#.>.#y8#
....####.#.#.#.#@####
..#.......#.#.#.....#
.....###...#.#...##.#
#.#..# #.........##.#
#.#..# #.#..###..##.#
#.##.# #............#
... .# ###..#########
### ## #. #.


You could see a hornet, a steam dragon (catching breath) and a friendly
lightning spire (summoned).

Vanquished Creatures
  Edmund (D:6)
  A black bear (D:4)
  A centaur (D:5)
  A scorpion (D:6)
  An orc priest (D:4)
  3 adders
  A white imp (D:7)
  2 dart slugs
  5 orcs
  A bat (D:1)
  3 endoplasms
  3 giant cockroaches
  4 hobgoblins
  3 quokkas
  2 ball pythons (D:3)
  A frilled lizard (D:1)
  A goblin (D:3)
  2 kobolds
  3 rats
39 creatures vanquished.

Vanquished Creatures (collateral kills)
  Menkaure (D:5)
  A hound (D:4)
  An adder (D:6)
  A worm (D:3)
  3 orcs (D:3)
  2 bats (D:1)
  An endoplasm (D:3)
  A giant cockroach (D:2)
  A hobgoblin (D:3)
  3 kobolds
  3 quokkas
  A ball python (D:1)
  2 frilled lizards (D:3)
  A goblin (D:3)
  A rat (D:2)
23 creatures vanquished.

Grand Total: 62 creatures vanquished

Notes
Turn   | Place    | Note
-------+----------+-------------------------------------------
     0 | D:1      | ChrisAssaf the Human Summoner began the quest for the Orb.
     0 | D:1      | Reached XP level 1. HP: 13/13 MP: 3/3
   229 | D:1      | Reached XP level 2. HP: 19/19 MP: 0/5
   232 | D:1      | Learned a level 2 spell: Call Imp
   305 | D:1      | You fall into a shaft and drop 1 floor!
  1160 | D:1      | Reached XP level 3. HP: 24/24 MP: 3/6
  1172 | D:1      | Learned a level 3 spell: Call Canine Familiar
  1537 | D:3      | Reached skill level 1 in Armour
  1537 | D:3      | Reached XP level 4. HP: 27/30 MP: 4/7
  1619 | D:4      | Reached skill level 1 in Long Blades
  1821 | D:4      | Noticed a black bear
  1823 | D:4      | Identified a scroll of acquirement
  1824 | D:4      | Acquired the ring "Zauxkil" {*Corrode rPois Int+9 Dex+6
                  | Stlth-}
  1847 | D:4      | Killed a black bear
  1848 | D:4      | Reached skill level 1 in Fighting
  1848 | D:4      | Reached skill level 1 in Evocations
  1848 | D:4      | Reached XP level 5. HP: 37/37 MP: 5/9
  1859 | D:4      | Reached XP level 6. HP: 41/43 MP: 6/10
  1869 | D:4      | Learned a level 4 spell: Summon Lightning Spire
  2059 | D:5      | Entered Level 5 of the Dungeon
  2119 | D:5      | Reached skill level 1 in Throwing
  2161 | D:5      | Noticed Menkaure
  2168 | D:5      | Killed Menkaure
  2336 | D:5      | Reached XP level 7. HP: 34/48 MP: 10/12
  2486 | D:6      | Reached skill level 1 in Air Magic
  2575 | D:6      | Identified the +0 dagger of the Ten Underlurkers {heavy,
                  | rC+ Int+7}
  2619 | D:6      | Noticed Edmund
  2628 | D:6      | Killed Edmund
  2767 | D:7      | Found a staircase to the Ecumenical Temple.
  2771 | D:7      | Noticed a hornet
  2771 | D:7      | Noticed a steam dragon
  2780 | Temple   | Entered the Ecumenical Temple
  2863 | Temple   | Became a worshipper of Ru the Awakened
  2928 | D:7      | Slain by a hornet

Illustrated notes

Levels and vault maps discovered:
D:1:      onia_arrival_mini_spirals, layout_basic,
          chequers_serial_rivers_room_a, serial_park_tiny_1
D:2:      layout_basic
D:3:      layout_basic, serial_glass, glass_columns_a, glass_columns_a
D:4:      layout_basic
D:5:      layout_cave_pods, lemuel_coloured_pillars_altar,
          ebering_ghost_rock_garden, uniq_menkaure
D:6:      layout_loops_corners, mainiacjoe_overflow_alcove_2,
          uniq_prince_ribbit1, uniq_edmund
D:7:      layout_basic, minmay_temple_entry_grid, minmay_misc_feat_nine_boxes,
          minivault_14, minivault_24
Temple:   nicolae_temple_bog_church

Skill      XL: |  1  2  3  4  5  6  7 |
---------------+----------------------+-----
Armour         | 1 2 |  2.0
Long Blades    | 1 2 |  2.6
Fighting       | 1 |  1.6
Spellcasting   | 3 |  3.5
Evocations     | 1 |  1.8
Throwing       | 1 |  1.7
Stealth        | 3 |  3.2
Air Magic      | 1 |  1.2
Short Blades   | |  0.4
Dodging        | |  2.9
Summonings     | |  4.9

Action                     |  1- 3 |  4- 6 |  7- 9 || total
---------------------------+-------+-------+-------++-------
  Melee: Unarmed           |     4 |       |       ||     4
         Long sword        |    43 |    60 |     7 ||   110
         Dagger            |       |       |     8 ||     8
  Throw: Boomerang         |       |    11 |     1 ||    12
   Cast: Summon Small Mamm |    11 |       |       ||    11
         Call Imp          |     8 |     6 |     1 ||    15
         Call Canine Famil |     2 |     4 |     1 ||     7
         Summon Lightning  |       |       |     1 ||     1
  Evoke: Wand              |       |       |     1 ||     1
    Use: Scroll            |     5 |     2 |     1 ||     8
   Stab: Sleeping          |     2 |       |       ||     2
         Distracted        |       |     1 |     1 ||     2
         Paralysed         |       |       |     3 ||     3
 Armour: Robe              |    26 |    16 |     1 ||    43
  Dodge: Dodged            |    48 |    50 |     8 ||   106
